 Dungeon Crawl Stone Soup version 0.30-a0-953-g5f1da4a474 (webtiles) character file.

Game seed: 10839072715940542827

64 Firecrotchwizard the Chopper (level 4, -1/40 HPs)
             Began as a Hill Orc Monk on Mar 29, 2023.
             Slain by a hobgoblin (4 damage)
             ... on level 4 of the Dungeon.
             The game lasted 00:03:10 (1887 turns).

Firecrotchwizard the Chopper (Hill Orc Monk)        Turns: 1887, Time: 00:03:11

Health: -1/40      AC:  7    Str: 15      XL:     4   Next: 12%
Magic:  4/4        EV: 11    Int: 13      God:
Gold:   76         SH:  0    Dex: 11 (13) Spells: 3/3 levels left

rFire   . . .      SeeInvis .    b - +5 sling of Weak Gallantry {freeze, Int+3}
rCold   + . .      Faith    .    (no shield)
rNeg    . . .      Spirit   .    k - +2 ring mail {rC+}
rPois   .          Reflect  .    (no helmet)
rElec   .          Rampage  .    (no cloak)
rCorr   .                        (no gloves)
Will    .....                    (no boots) Stlth
                                 (no amulet)
HPRegen 0.26/turn                (no ring)
MPRegen 0.09/turn                (no ring)

@: confused
A: no striking features
a: no special abilities


You were on level 4 of the Dungeon.
You visited 1 branch of the dungeon, and saw 4 of its levels.

You collected 76 gold pieces.

Inventory:

Hand Weapons
 a - a +0 hand axe
 b - the +5 sling of Weak Gallantry (weapon) {freeze, Int+3}
   (You found it on level 3 of the Dungeon)

   Int:       It affects your intelligence (+3).
Missiles
 e - 6 javelins
 r - 7 poisoned darts
 s - 26 stones
Armour
 i - a scarf of resistance
   (You found it on level 1 of the Dungeon)
 j - a +0 cloak
   (You found it on level 1 of the Dungeon)
 k - a +2 ring mail of cold resistance (worn)
   (You found it on level 1 of the Dungeon)
 q - a +0 robe
Magical Staves
 n - a staff of death {rN+}
   (You found it on level 3 of the Dungeon)
Jewellery
 c - a ring of ice {rC+, rF-}
   (You found it on level 1 of the Dungeon)
Scrolls
 f - a scroll of enchant armour {unknown}
 m - a scroll of teleportation {unknown}
 t - a scroll of vulnerability {unknown}
Potions
 d - 4 potions of curing {unknown}
 g - a potion of degeneration {unknown}
 h - a potion of invisibility {unknown}
 l - a potion of brilliance {unknown}
 o - a potion of heal wounds {unknown}
 p - a potion of lignification {unknown}
 G - a potion of ambrosia {!q}


   Skills:
 + Level 4.2 Fighting
 * Level 5.1 Axes
 + Level 1.4 Armour
 + Level 2.8 Dodging
 - Level 1.5 Stealth


You had 3 spell levels left.
You didn't know any spells.
Your spell library contained the following spells:

 Spells                   Type           Power      Damage    Failure   Level
 Static Discharge         Conj/Air       0%         2-2/arc   65%         2
 Vhi's Electric Charge    Tloc/Air       0%         N/A       87%         3
 Arcjolt                  Conj/Air       0%         1d10      100%        5
 Plasma Beam              Fire/Air       0%         2x1d7     100%        5


Dungeon Overview and Level Annotations

Branches:
Dungeon (4/15)
 Temple: D:4-7

Altars:

Shops:
D:1 ?   D:3 [


Message History

In your confused state, you trip and fall back down the stairs.
The orc wizard gestures at you while chanting.
The magic dart hits you. The orc misses you.
You take 3 damage, and have 37/40 hp.
The hound closely misses you. The hobgoblin misses you.
The orc hits you but does no damage.
In your confused state, you trip and fall back down the stairs.
The hound bites you.
An endoplasm comes into view.
The hobgoblin closely misses you. The orc hits you with a +0 short sword.
The hound bites you but does no damage.
You take 4 damage, and have 33/40 hp.
The endoplasm quivers.
The hound misses you. The orc wizard closely misses you.
The orc barely misses you.
The hobgoblin hits you but does no damage.
The orc closely misses you. The quasit completely misses you.
The quasit barely misses you. x2
In your confused state, you trip and fall back down the stairs.
An ufetubus comes into view.
The ufetubus closely misses you. The ufetubus misses you.
The hound barely misses you. The quasit closely misses you.
The quasit claws you but does no damage.
The quasit barely misses you.
The hobgoblin hits you but does no damage.
The orc wizard barely misses you. The orc hits you with a +0 flail.
The orc hits you with a +0 short sword. The hound bites you.
The ufetubus completely misses you. The ufetubus hits you.
The ufetubus moves out of view.
You take 10 damage, and have 23/40 hp.
MASSIVE DAMAGE!!
There are no items here.
You feel less confused.
The quasit closely misses you. x2; The quasit misses you.
The ufetubus misses you. The ufetubus hits you. The hound bites you.
The hobgoblin barely misses you. The orc wizard casts a spell at you.
You are confused.
The orc hits you with a +0 short sword. The orc misses you.
The quasit bites you.
You feel clumsy.
The quasit claws you but does no damage. x2
In your confused state, you trip and fall back down the stairs.
The ufetubus misses you. The ufetubus closely misses you.
The hound closely misses you.
The hobgoblin hits you but does no damage.
The orc wizard hits you but does no damage.
The orc hits you with a +0 flail.
* * * LOW HITPOINT WARNING * * *
The orc hits you with a +0 short sword.
* * * LOW HITPOINT WARNING * * *
The quasit closely misses you.
The quasit claws you but does no damage. x2
The ufetubus closely misses you. x2; The hound bites you but does no damage.
You take 15 damage, and have 8/40 hp.
MASSIVE DAMAGE!!
You clumsily bash the orc wizard but do no damage.
The hound closely misses you. The ufetubus closely misses you.
The ufetubus hits you but does no damage.
The quasit bites you but does no damage.
The quasit closely misses you. The quasit barely misses you.
The hobgoblin hits you but does no damage.
The orc barely misses you. The orc hits you but does no damage.
The orc wizard points at you and mumbles some strange words.
The magic dart hits you but does no damage.
The hound barely misses you. The ufetubus misses you.
The ufetubus barely misses you.
The quasit bites you but does no damage.
The quasit claws you.
* * * LOW HITPOINT WARNING * * *
The quasit barely misses you. The orc hits you but does no damage.
The hobgoblin barely misses you. The orc hits you but does no damage.
The orc wizard hits you but does no damage.
You take 1 damage, and have 7/40 hp.
You barely miss the hound. The hound closely misses you.
The ufetubus closely misses you.
The ufetubus hits you but does no damage.
The quasit bites you.
* * * LOW HITPOINT WARNING * * *
You feel clumsy.
The quasit barely misses you. x2; The hound closely misses you.
The ufetubus hits you but does no damage. x2
The hobgoblin hits you but does no damage.
The orc hits you but does no damage.
The endoplasm hits you but does no damage.
The orc hits you but does no damage.
The orc wizard hits you with a +0 dagger.
* * * LOW HITPOINT WARNING * * *
The quasit bites you but does no damage.
The quasit misses you. The quasit barely misses you.
You take 3 damage, and have 4/40 hp.
You clumsily bash the orc wizard but do no damage.
The hound bites you but does no damage. The ufetubus barely misses you.
The ufetubus hits you but does no damage.
The quasit bites you but does no damage.
The quasit claws you.
* * * LOW HITPOINT WARNING * * *
The quasit claws you but does no damage.
The hobgoblin hits you.
You die...

....$ !#
.... ##.#
.........
####..#....
#........#
#........#
#..ohJ...#
#..o@g...#
#..o55...#
#........#
#.!.......#
#######.....
..P.. ...♣
#.♣.


You could see a hound, an orc wizard, a quasit, 2 orcs, an ufetubus, an
endoplasm and a hobgoblin.

Vanquished Creatures
  3 adders
  An orc (D:3)
  3 endoplasms
  3 giant cockroaches
  3 goblins
  A hobgoblin (D:1)
  4 jackals (D:1)
  A quokka (D:1)
  2 ball pythons
  3 bats (D:3)
  6 frilled lizards
  5 kobolds
  3 rats
38 creatures vanquished.

Notes
Turn   | Place    | Note
-------+----------+-------------------------------------------
     0 | D:1      | Firecrotchwizard the Hill Orc Monk began the quest for the
                  | Orb.
     0 | D:1      | Reached XP level 1. HP: 19/19 MP: 1/1
   184 | D:1      | Reached XP level 2. HP: 27/27 MP: 2/2
   594 | D:1      | Found Piffali's Magic Scroll Emporium.
   863 | D:2      | Reached skill level 1 in Armour
   863 | D:2      | Reached XP level 3. HP: 33/33 MP: 3/3
   924 | D:2      | Reached skill level 4 in Fighting
  1181 | D:3      | Found Zopuxasi's Armour Emporium.
  1471 | D:3      | Identified the +5 sling of Weak Gallantry {freeze, Int+3}
  1503 | D:3      | Reached skill level 5 in Axes
  1616 | D:3      | Reached XP level 4. HP: 40/40 MP: 4/4
  1884 | D:4      | HP: 10/40 [orc/+0 flail (4)]
  1886 | D:4      | HP: 4/40 [orc wizard/+0 dagger (3)]
  1887 | D:4      | Slain by a hobgoblin

Illustrated notes

Levels and vault maps discovered:
D:1:      spicycebolla_green_bress_n_ham_2, layout_loops_ring, serial_shops,
          nicolae_shop_behind_doors, serial_bayou, serial_bayou_pond_e,
          serial_bayou_pond_d, serial_bayou_lake_a, serial_bayou_shore_b
D:2:      minmay_chambers_of_ones, layout_basic, ebering_ecumenical_altar_mist,
          dreamdust_mushroom_princess, feat_on_display
D:3:      layout_loops_cross, serial_shops, shop
D:4:      layout_rooms, serial_shops, shop, serial_demonic, serial_demonic_d,
          serial_demonic_d, serial_demonic_c, serial_demonic_g,
          serial_demonic_c, serial_demonic_e

Skill      XL: |  1  2  3 |
---------------+----------+-----
Armour         | 1 |  1.4
Fighting       | 4 |  4.2
Axes           | 5 |  5.1
Dodging        | |  2.8
Stealth        | |  1.5

Action                     |  1- 3 |  4- 6 || total
---------------------------+-------+-------++-------
  Melee: Hand axe          |    63 |       ||    63
         Sling             |       |     3 ||     3
   Fire: Sling             |     4 |     7 ||    11
  Throw: Javelin           |    22 |       ||    22
   Stab: Sleeping          |     1 |       ||     1
 Armour: Robe              |     4 |       ||     4
         Ring mail         |    10 |    33 ||    43
  Dodge: Dodged            |    35 |    49 ||    84

Table legend: (Time is in decaauts)
 A = Elapsed time spent in this place.
 B = Non-inter-level travel time spent in this place.
 C = Inter-level travel time spent in this place.
 D = Time resting spent in this place.
 E = Time spent auto-exploring this place.
 F = Levels seen in this place.
 G = Mean time per level.
                   A        B        C        D        E       F      G
               +--------+--------+--------+--------+--------+-----+--------+
         Total |   1940 |   1861 |     79 |     39 |   1569 |   4 |  485.0 |
       Dungeon |   1940 |   1861 |     79 |     39 |   1569 |   4 |  485.0 |
               +--------+--------+--------+--------+--------+-----+--------+

Top non-repeatable levels by time:
     D:1: 881 daAuts
     D:3: 698 daAuts
     D:2: 347 daAuts
     D:4: 13 daAuts

Table legend:
 A = Kills in this place as a percentage of kills in the entire game.
 B = Kills by you in this place as a percentage of kills by you in the entire game.
 C = Kills by friends in this place as a percentage of kills by friends in the entire game.
 D = Other kills in this place as a percentage of other kills in the entire game.
 E = Experience gained in this place as a percentage of experience gained in the entire game.
 F = Experience gained in this place divided by the number of levels of this place that you have seen.
                   A       B       C       D       E      F
               +-------+-------+-------+-------+-------+----------------------
         Total | 100.0 | 100.0 |   N/A |   N/A | 100.0 |  23.0
       Dungeon | 100.0 | 100.0 |   N/A |   N/A | 100.0 |  23.0
               +-------+-------+-------+-------+-------+----------------------
